AoeStats
← YellowHaze

Oasis

509093815Analyzed
4v4 RM · 5d ago on Sep 25, 2026· 22m 15s· 8 players
Game mode
Random Map
Map size
Large (8 player)
Population
200
Speed
Normal
Resources
Standard
Victory
Conquest
Starting age
Dark Age
Ending age
Imperial Age
RankedLock teamsTeams togetherTeam positionsShared explorationLock speedFull tech treeHidden civsTurbo modeCheats
Victory
Defeat
913
+16
🇨🇦 Burgundians · Canada
908
+17
🇫🇷 Franks · France
900
+17
🇵🇰 Mongols · Pakistan
884
+18
🇹🇼 Varangians · Taiwan
941
-18
🇭🇰 Saracens · Hong Kong SAR China
940
-18
🇨🇳 Malay · China
930
-17
🇦🇷 Celts · Argentina
869
-15
R.I.P
3:35 Loom
9:45 Horse Collar
9:54 Double-Bit Axe
10:30 Gold Mining
13:22 Feudal Age
18:35 Castle Age
17:13 Bow Saw
19:02 Forging
18:58 Scale Barding Armor
18:48 Cavalier
19:29 Husbandry
21:21 Wheelbarrow
Axepo
12:05 Feudal Age
12:32 Loom
14:30 Double-Bit Axe
14:50 Gold Mining
17:02 Castle Age
18:11 Bow Saw
YellowHaze
3:39 Loom
10:51 Feudal Age
15:49 Castle Age
14:46 Double-Bit Axe
15:57 Horse Collar
20:35 Bloodlines
20:25 Husbandry
20:20 Fletching
21:21 Husbandry
遊戲靠賽輕鬆自在
9:58 Loom
11:43 Feudal Age
12:39 Double-Bit Axe
12:37 Horse Collar
20:12 Castle Age
18:24 Stone Mining
18:26 Gold Mining
19:39 Arson
22:45 Fletching
FLAME-99
2:55 Loom
11:03 Feudal Age
12:46 Double-Bit Axe
15:17 Castle Age
13:58 Horse Collar
14:11 Gold Mining
14:11 Stone Mining
Wolf-Salomon
11:12 Feudal Age
12:39 Wheelbarrow
11:53 Double-Bit Axe
19:21 Castle Age
17:04 Horse Collar
17:19 Stone Mining
18:27 Gold Mining
21:00 Hand Cart
21:01 Heavy Plow
rush then rush
0:37 Loom
12:25 Feudal Age
13:54 Wheelbarrow
13:01 Horse Collar
13:07 Double-Bit Axe
18:39 Castle Age
white cat
3:16 Loom
12:24 Feudal Age
17:23 Castle Age
17:10 Horse Collar
17:20 Double-Bit Axe
20:41 Heavy Plow
21:03 Bow Saw
21:40 Stone Mining
Connection lost

Rejoining the realm…

Still unreachable

The connection could not be restored.

Session expired

The server has moved on; the page needs a fresh start.